Map: Jagannatha LE

Players

MarineLorD

  • Race: Terran Terran
  • League: Master

Clem - Winner!

  • Race: Terran Terran

Event: DreamHack SC2 Masters 2021 Winter

VOD

Have the link to the VOD?

Description

Time

  • Played on: Oct. 10, 2021, 1:28 p.m.
  • Length: 12:41

All games in this series

Show
View Real Time Build Order
Export as new Build Order

MarineLorD Terran 

Build Orders: Cyclone Opening 

Get SALT Encoding   

  12  0:00  SCV  
  13  0:12  SCV  
  14  0:17  Supply Depot  
  14  0:24  SCV  
  15  0:38  SCV  
  15  0:40  Barracks  
  16  0:44  Refinery  
  16  0:50  SCV  
  16  0:52  Refinery  
  17  1:02  SCV  
  18  1:14  SCV  
  19  1:26  Reaper  
  19  1:27  Supply Depot, Orbital Command  
  20  1:42  Factory  
  20  1:52  SCV  
  21  1:59  Reaper  
  22  2:04  SCV  
  23  2:17  Command Center  
  23  2:21  SCV  
  24  2:25  Factory Tech Lab  
  24  2:32  Supply Depot  
  24  2:35  SCV  
  25  2:37  Barracks Reactor  
  25  2:43  Cyclone  
  28  2:47  SCV  
  29  2:59  SCV  
  29  3:01  Starport  
  30  3:11  SCV  
  29  3:17  Cyclone  
  32  3:24  SCV, Marine x2  
  32  3:25  Refinery  
  35  3:36  SCV  
  35  3:39  Starport Tech Lab  
  36  3:42  Marine x2  
  36  3:46  Orbital Command  
  38  3:50  Widow Mine  
  38  3:51  SCV  
  41  4:00  Marine x2  
  43  4:03  SCV  
  43  4:05  Raven  
  43  4:15  SCV x2  
  45  4:25  Siege Tank  
  45  4:27  SCV  
  45  4:29  SCV  
  50  4:34  Supply Depot  
  50  4:37  Marine x2  
  52  4:39  SCV  
  52  4:42  SCV  
  54  4:47  Supply Depot  
  54  4:56  SCV x2, Raven  
  52  5:07  Siege Tank, Marine x2  
  52  5:08  SCV x2  
  59  5:20  SCV x2  
  58  5:29  Command Center  
  58  5:32  Supply Depot, SCV x2, Refinery  
  60  5:39  Siege Tank  
  63  5:44  SCV x2  
  65  5:51  Viking x2  
  65  5:56  Supply Depot x2  
  69  5:58  SCV x2  
  71  6:05  Marine  
  71  6:10  SCV x2  
  74  6:11  Siege Tank  
  77  6:21  Viking x2  
  77  6:22  SCV x2  
  83  6:29  Supply Depot  
  83  6:30  Supply Depot  
  82  6:34  SCV x2  
  84  6:46  SCV x2, Barracks  
  86  6:48  Siege Tank  
  87  6:58  SCV x2  
  87  6:59  Viking x2  
  93  7:03  Barracks  
  89  7:10  SCV  
  89  7:11  SCV  
  90  7:18  Marine  
  91  7:23  SCV x2  
  91  7:28  Orbital Command  
  93  7:35  SCV  
  94  7:37  SCV  
  94  7:38  Stimpack, Marine  
  96  7:47  SCV  
  96  7:49  SCV  
  92  7:53  Barracks Reactor  
  92  7:55  SCV, Barracks  
  92  7:56  Marine  
  92  7:57  Refinery  
  94  7:58  Barracks  
  94  7:59  SCV  
  94  8:01  SCV  
  94  8:02  Medivac x2, Refinery  
  100  8:07  SCV, Siege Tank  
  100  8:08  Barracks Reactor  
  104  8:13  SCV, Engineering Bay x2  
  104  8:18  SCV  
  104  8:19  SCV  
  107  8:22  Marine  
  107  8:25  SCV  
  109  8:30  SCV  
  109  8:31  SCV  
  109  8:33  Command Center  
  111  8:35  Supply Depot  
  111  8:36  Supply Depot  
  111  8:37  SCV  
  111  8:38  Marine x2  
  111  8:39  Marine  
  115  8:42  SCV, Siege Tank  
  115  8:44  SCV  
  119  8:49  SCV  
  119  8:50  Marine  
  119  8:52  Barracks Reactor x2  
  119  8:54  SCV  
  122  8:56  SCV  
  122  9:01  Supply Depot, SCV  
  122  9:02  Supply Depot  
  124  9:06  SCV  
  124  9:08  SCV  
  125  9:13  Marine x5  
  125  9:14  Siege Tank  
  128  9:19  SCV  
  128  9:21  Medivac  
  128  9:23  Liberator  
  134  9:26  Terran Infantry Weapons Level 1, Terran Infantry Armor Level 1  
  134  9:27  Sensor Tower  
  134  9:31  SCV, Marine x5  
  132  9:36  Marine x2  
  139  9:43  Combat Shield  
  139  9:44  Marine x2, Armory  
  141  9:46  Siege Tank, Armory  
  141  9:49  Marine x3  
  141  9:50  Missile Turret  
  141  9:51  Marine x2  
  149  9:53  Marine  
  149  9:54  Marine  
  151  10:02  Marine  
  151  10:04  Marine  
  125  10:08  Marine  
  125  10:09  Marine  
  125  10:10  Marine x2  
  125  10:11  SCV x2  
  125  10:13  Marine x2  
  131  10:14  Marine  
  131  10:18  Siege Tank  
  131  10:20  Marine  
  136  10:22  Marine  
  136  10:24  Liberator x2  
  136  10:26  Marine x2  
  136  10:27  Marine  
  136  10:28  Marine  
  147  10:29  SCV  
  147  10:30  SCV x2  
  150  10:37  Planetary Fortress, Marine  
  150  10:39  Marine x2  
  153  10:45  Refinery, Marine  
  153  10:46  Refinery, Sensor Tower  
  155  10:52  Marine  
  155  11:01  Missile Turret  
  155  11:02  Missile Turret  
  155  11:04  Starport, SCV  
  155  11:06  Starport  
  155  11:12  Siege Tank  
  155  11:14  Marine x2  
  155  11:15  Marine  
  167  11:24  Supply Depot  
  161  11:26  Supply Depot x2  
  161  11:28  Factory, Viking x2  
  161  11:31  SCV  
  161  11:32  SCV, Command Center  
  167  11:33  Barracks Reactor  
  167  11:35  Supply Depot  
  167  11:46  Siege Tank  
  170  11:49  Starport Tech Lab x2  
  170  11:53  Starport x2  
  152  12:11  Marine  
  152  12:12  Marine x2  
  152  12:13  Marine x4  
  152  12:14  Marine x3  
Show
View Real Time Build Order
Export as new Build Order

Clem Terran - Winner!

Build Orders: 1/1/1, Liberator Opening 

Get SALT Encoding   

  12  0:00  SCV  
  13  0:12  SCV  
  14  0:17  Supply Depot  
  14  0:24  SCV  
  15  0:38  SCV  
  15  0:40  Barracks  
  16  0:44  Refinery  
  16  0:50  SCV  
  16  0:52  Refinery  
  17  1:03  SCV  
  18  1:15  SCV  
  19  1:27  Reaper, Orbital Command  
  19  1:30  Supply Depot  
  20  1:42  Factory  
  20  1:52  SCV  
  21  1:59  Barracks Reactor  
  21  2:04  SCV  
  22  2:16  SCV  
  23  2:22  Supply Depot  
  23  2:26  Starport, Hellion  
  23  2:28  SCV  
  26  2:36  Reaper x2  
  28  2:40  SCV  
  29  2:47  Hellion  
  31  2:52  Supply Depot  
  31  2:53  SCV  
  32  3:02  Liberator  
  35  3:11  Reaper  
  35  3:12  Hellion  
  38  3:14  Reaper  
  38  3:34  Command Center  
  38  3:37  Factory Tech Lab  
  38  3:40  SCV  
  39  3:45  Starport Tech Lab  
  39  3:46  Marine  
  39  3:47  Marine  
  41  3:54  Supply Depot  
  41  3:55  SCV  
  39  4:04  Cyclone  
  39  4:07  SCV  
  40  4:17  Raven  
  40  4:19  SCV, Marine x2  
  45  4:24  Refinery  
  45  4:31  SCV  
  45  4:36  Cyclone  
  49  4:42  Marine x2  
  49  4:44  SCV  
  52  4:48  Orbital Command  
  52  4:56  SCV  
  53  5:00  Marine  
  53  5:06  Raven  
  50  5:07  Marine  
  50  5:08  SCV  
  50  5:14  SCV  
  52  5:19  Cyclone  
  52  5:20  SCV  
  53  5:26  SCV  
  53  5:27  Marine  
  53  5:28  Marine  
  56  5:32  SCV  
  56  5:35  Command Center  
  57  5:38  SCV  
  57  5:41  Mag-Field Accelerator  
  58  5:44  SCV  
  59  5:50  SCV  
  59  5:51  Cyclone  
  59  5:56  SCV  
  64  5:58  Barracks x2  
  64  6:02  SCV  
  64  6:03  Refinery  
  65  6:08  SCV, Marine x2  
  68  6:11  Supply Depot  
  68  6:14  SCV  
  69  6:20  SCV  
  69  6:21  Supply Depot  
  70  6:32  Supply Depot  
  70  6:33  Barracks Tech Lab, Siege Tank, SCV x2  
  74  6:45  SCV x2  
  74  6:46  Engineering Bay  
  75  6:47  Engineering Bay  
  75  6:48  Barracks Reactor  
  75  6:51  Stimpack, Marine  
  76  6:57  SCV  
  76  7:00  Starport Reactor  
  77  7:01  Marine  
  77  7:02  Marine  
  77  7:04  SCV  
  80  7:09  SCV, Marine  
  80  7:14  Siege Tank  
  80  7:15  Orbital Command  
  81  7:16  SCV  
  81  7:19  Marine  
  81  7:20  Supply Depot  
  81  7:22  Terran Infantry Weapons Level 1, Terran Infantry Armor Level 1  
  83  7:23  Marine  
  83  7:25  Marine x2  
  83  7:26  SCV  
  83  7:27  Marine  
  88  7:30  SCV  
  88  7:32  Supply Depot  
  89  7:38  Medivac x2  
  89  7:39  SCV, Marine  
  95  7:44  Marine  
  95  7:45  SCV  
  95  7:46  Marine x3  
  95  7:50  Siege Tank  
  100  7:52  SCV  
  100  7:53  SCV  
  100  7:57  Supply Depot, SCV  
  103  8:04  SCV  
  104  8:06  SCV, Marine  
  104  8:08  Medivac x2  
  110  8:14  Barracks  
  110  8:15  Barracks  
  110  8:19  SCV x2  
  112  8:22  SCV  
  112  8:25  Siege Tank  
  116  8:28  Supply Depot, Refinery  
  116  8:29  Refinery  
  116  8:30  Combat Shield  
  116  8:31  Armory  
  116  8:32  SCV  
  117  8:37  Marine x2  
  117  8:38  SCV x2  
  119  8:49  Marine  
  119  8:52  Medivac x2  
  119  8:53  Marine x2  
  119  8:54  SCV x2  
  119  8:55  Supply Depot, Marine  
  127  8:57  Marine  
  127  8:58  SCV  
  130  9:03  Barracks Reactor  
  130  9:04  Barracks Reactor  
  130  9:06  SCV  
  130  9:09  Factory  
  131  9:12  Command Center  
  131  9:16  Siege Tank, Marine x2  
  129  9:17  SCV  
  129  9:22  Medivac x2  
  129  9:23  Marine x2  
  136  9:30  Terran Infantry Weapons Level 2, Marine  
  137  9:34  Marine x2  
  137  9:35  Supply Depot  
  137  9:36  Supply Depot  
  137  9:37  SCV x2  
  137  9:38  SCV  
  139  9:39  Marine  
  139  9:40  Marine  
  139  9:41  Marine x3  
  139  9:42  Marine  
  142  9:52  Sensor Tower, Marine x2  
  145  9:57  Siege Tank, Marine  
  145  9:58  Marine x2  
  145  9:59  Marine  
  149  10:00  Marine x2  
  149  10:05  Barracks Reactor  
  132  10:07  Medivac  
  132  10:09  Marine x2  
  132  10:11  Terran Infantry Armor Level 2  
  132  10:13  SCV  
  132  10:14  SCV  
  136  10:15  Marine x2  
  136  10:16  Marine  
  136  10:17  Marine  
  136  10:18  Marine x2  
  136  10:20  Siege Tank  
  144  10:26  Sensor Tower  
  144  10:27  Marine x2  
  146  10:33  Siege Tank, Marine  
  150  10:36  Liberator  
  150  10:39  SCV  
  150  10:41  Supply Depot  
  150  10:42  SCV  
  155  10:47  Marine  
  156  10:56  Siege Tank, Marine x5  
  164  10:57  Marine  
  164  10:58  Marine  
  164  11:01  Refinery  
  164  11:03  Refinery  
  164  11:04  Planetary Fortress  
  166  11:08  Siege Tank, Marine  
  166  11:10  Marine x2  
  165  11:15  Marine  
  165  11:16  Marine x4  
  165  11:17  Marine  
  172  11:18  Supply Depot  
  172  11:23  Command Center  
  169  11:33  Starport  
  169  11:34  Starport  
  169  11:35  SCV, Siege Tank  
  169  11:36  SCV x2  
  172  11:48  Siege Tank  
  172  11:53  Marine x2  
  176  11:59  Marine x2  
  174  12:05  Marine x2  
  174  12:07  Siege Tank  
  173  12:09  Marine x3  

Tags
 
Add a new tag
Caveats
  • Supply blocks, unpowered buildings, or Contaminate may cause inaccurate times.
  • Supply counts are checked every 10 seconds.